Match 35201837
Unlisted

Match 35201837
End
Royal Engineer Section
Construct Section Command Post
Selects Heavy Armor Battlegroup
Vickers Machine Gun Team
ML 3-inch Mortar Team
Infantry Section
Grenade Package
Construct Field Infirmary
Construct Platoon Command Post
Selects Rigorous Vehicle Training
Selects Light Vehicle Withdraw and Refit
Unlock M3 Stuart Light Tanks
M3 Stuart Light Tank
Infantry Section
Selects Radio Net
Light Vehicle Training
6-pounder Anti-tank Gun Team
Construct Company Command Post
Infantry Training
Foot Guards Section
Selects Recon Artillery
Crusader II Medium Tank
Crusader II Medium Tank
Foot Guards Section
Recon Artillery
Crusader II Medium Tank
Royal Engineer Section
Crusader II Medium Tank
Recon Artillery
Foot Guards Section
Gabe_Real
Tango
Turtleboy
catmeme71
∑ⓔ딸긔맛공듀♡™
StudioKreskiTattoo
0
0

Comments sign in to comment!

No comments posted yet!